 Dungeon Crawl Stone Soup version 0.20-a0-366-g03f3333 (webtiles) character file.

373 TheGoonsmith the Digger (level 6, 0/32 HPs)
             Began as a Gargoyle Earth Elementalist on Dec 27, 2016.
             Slain by a bullfrog (1 damage)
             ... in a sewer.
             The game lasted 00:07:29 (3809 turns).

TheGoonsmith the Digger (GrEE)                      Turns: 3809, Time: 00:07:29

Health: 0/32       AC: 10    Str: 12    XL:     6   Next: 71%
Magic:  0/12       EV:  9    Int: 17    God:
Gold:   84         SH:  0    Dex: 10    Spells: 9/13 levels left

rFire  . . .     SeeInvis .     o - +0 mace
rCold  . . .     Gourm    .     c - +0 robe
rNeg   + . .     Faith    .     (no shield)
rPois  ∞         Spirit   .     b - +1 helmet
rElec  +         Reflect  .     h - +1 cloak
rCorr  .         Harm     .     (no gloves)
MR     .....                    (no boots)
Stlth  ++........               (no amulet)
                                (no ring)
                                (no ring)

@: very slightly contaminated, hasted, constricted, very quick
A: negative energy resistance 1, electricity resistance, unbreathing,
petrification resistance, rot immunity, AC +4
a: no special abilities


You were in a sewer.
You were very hungry.

You visited 1 branch of the dungeon, and saw 3 of its levels.
You also visited: Sewer.

You collected 84 gold pieces.

Inventory:

Hand Weapons
 f - a +0 short sword
 o - a +0 mace (weapon)
Missiles
 s - 7 exploding tomahawks (quivered)
Armour
 b - a +1 helmet (worn)
 c - a +0 robe (worn)
 h - a +1 cloak (worn)
 q - a +0 pair of boots
Jewellery
 r - an uncursed ring of see invisible {unknown}
Wands
 g - a wand of flame (43/48)
Scrolls
 a - 3 scrolls of remove curse
 l - 3 scrolls of identify
 n - 3 scrolls of magic mapping
Potions
 t - a potion of heal wounds
 u - 2 potions of magic {unknown}
 v - a potion of curing {unknown}
Books
 e - a book of Geomancy

   Spells                             Type                      Level
   a - Sandblast                      Earth                        1
   b - Passwall                       Transmutation/Earth          2
   c - Stone Arrow                    Conjuration/Earth            3
   d - Petrify                        Transmutation/Earth          4
   e - Lee's Rapid Deconstruction     Earth                        5
Comestibles
 d - 3 bread rations
 i - a beef jerky
 k - 2 meat rations
 m - a fruit


   Skills:
 - Level 1.5 Dodging
 - Level 2.1 Stealth
 - Level 4.2 Spellcasting
 + Level 0.2 Conjurations
   Level 0.7 Transmutations
 - Level 7.1 Earth Magic


You had 9 spell levels left.
You knew the following spells:

 Your Spells              Type           Power        Failure   Level  Hunger
a - Sandblast             Erth           ####..       1%          1    None
x - Stone Arrow           Conj/Erth      ###...       12%         3    ###....


Dungeon Overview and Level Annotations

Branches:
Dungeon (3/15)

Altars:
Ashenzari
Gozag

Annotations:
D:2 Terence


Innate Abilities, Weirdness & Mutations

You are resistant to torment.
Your stone body is resilient. (AC +4)
You are immune to poison.
You resist negative energy. (rN+)
You are resistant to electric shocks. (rElec)
You can survive without breathing.
You are immune to petrification.
You are immune to rotting.


Message History

The bullfrog hits you but does no damage.
The adder closely misses you.
You barely miss the bullfrog.
The bullfrog is heavily wounded.
The bullfrog hits you but does no damage. x2
The adder bites you.
* * * LOW HITPOINT WARNING * * *
The ball python bites you.
* * * LOW HITPOINT WARNING * * *
The ball python constricts you. The ball python barely misses you.
The adder bites you but does no damage. The bullfrog hits you.
* * * LOW HITPOINT WARNING * * *
The bullfrog hits you.
* * * LOW HITPOINT WARNING * * *
You hit the bullfrog.
The bullfrog is heavily wounded.
The adder bites you but does no damage. The ball python barely misses you. x2
The ball python constricts you. The bullfrog misses you. The adder misses you.
The bullfrog hits you.
You die...

*,,,* #..'....# *,∩,*
#..#....# *,,,* ####...##
**+*###################....#
**,,..≈≈≈≈≈≈≈≈≈≈≈≈≈≈≈......#
*,,,.≈≈≈≈≈≈≈≈≈≈≈≈≈≈≈≈.....##
*,,,..#≈≈≈≈≈S≈≈≈≈≈≈≈≈.....#
*,,,..≈≈≈≈≈#FS#≈≈≈≈≈≈≈....#
*,,,,,≈≈≈≈#F@S≈≈≈≈≈≈≈≈...##
**,,,#≈≈≈≈≈SS≈≈≈≈≈≈≈≈..###
****###################


You could see 2 bullfrogs, 2 adders and 3 ball pythons.

Vanquished Creatures
  Sigmund (D:3)
  8 adders
  3 river rats (Sewer)
  3 oozes
  A dart slug (D:1)
  An orc (D:3)
  6 giant cockroaches
  6 goblins
  6 hobgoblins (D:1)
  11 jackals (D:1)
  6 kobolds
  10 ball pythons
  5 bats
  11 frilled lizards
  31 rats
109 creatures vanquished.

Vanquished Creatures (others)
  A dart slug (D:1)
1 creature vanquished.

Grand Total: 110 creatures vanquished

Notes
Turn   | Place    | Note
-------+----------+-------------------------------------------
     0 | D:1      | TheGoonsmith the Gargoyle Earth Elementalist began the quest for the Orb.
     0 | D:1      | Reached XP level 1. HP: 10/10 MP: 3/3
   229 | D:1      | Reached skill level 4 in Earth Magic
   240 | D:1      | Reached XP level 2. HP: 15/15 MP: 1/5
   685 | D:1      | Reached XP level 3. HP: 19/19 MP: 2/6
   722 | D:1      | Learned a level 3 spell: Stone Arrow
  1257 | D:2      | Reached skill level 5 in Earth Magic
  1522 | D:2      | Noticed Terence
  1576 | D:2      | Reached XP level 4. HP: 24/24 MP: 8/8
  2341 | D:3      | Noticed Sigmund
  2346 | D:3      | Killed Sigmund
  2346 | D:3      | Reached skill level 7 in Earth Magic
  2346 | D:3      | Reached XP level 5. HP: 28/28 MP: 4/10
  2346 | D:3      | Reached XP level 6. HP: 32/32 MP: 4/11
  2508 | D:3      | Found a shattered altar of Ashenzari.
  2791 | D:3      | Found an opulent altar of Gozag.
  2823 | D:3      | Found a glowing drain.
  2871 | Sewer    | Entered a sewer
  3808 | Sewer    | HP: 1/32 [bullfrog (5)]
  3809 | Sewer    | Slain by a bullfrog

Vault maps used:
D:1:      ncdulo_wetmaze, kennysheep_decorative_pillar,
          hangedman_abyss_or_decor_stabs, lemuel_flame_loot_1
D:2:      uniq_terence
D:3:      lemuel_coloured_pillars_altar,
          nicolae_gozag_cash_rules_everything_around_me,
          gammafunk_temple_overflow_statue, gup_sewer_entry_glass, first_bread,
          kennysheep_donut, uniq_sigmund
Sewer:    sewer_minmay_w

Skill      XL: |  1  2  3  4  5  6 |
---------------+-------------------+-----
Earth Magic    | 4 5 7 |  7.1
Spellcasting   | 3 4 |  4.2
Dodging        | |  1.5
Stealth        | |  2.1
Conjurations   | |  0.2
Transmutations | |  0.7

Action                   |  1- 3 |  4- 6 || total
-------------------------+-------+-------++-------
Melee: Short sword       |   108 |       ||   108
       Mace              |       |   299 ||   299
 Cast: Sandblast         |    35 |    14 ||    49
       Stone Arrow       |       |     4 ||     4
  Use: Scroll            |       |     6 ||     6
       Potion            |       |     4 ||     4
 Stab: Sleeping          |     3 |     1 ||     4
  Eat: Chunk             |     2 |     8 ||    10
Armor: Robe              |    63 |   258 ||   321
Dodge: Dodged            |   120 |   362 ||   482
